 Dungeon Crawl Stone Soup version 0.29-a0-789-g7a8fcbc185 (webtiles) character file.

Game seed: 11187309827094651227

29054 zeratav the Grappler (level 13, -4/133 HPs)
             Began as a Troll Fighter on July 2, 2022.
             Was a High Priest of Ru.
             Slain by a swamp worm (18 damage)
             ... on level 3 of the Lair of Beasts.
             The game lasted 00:27:50 (11733 turns).

zeratav the Grappler (Troll Fighter)               Turns: 11733, Time: 00:27:50

Health: -4/133     AC: 11    Str: 37    XL:     13   Next: 13%
Magic:  12/12      EV:  8    Int:  4    God:    Ru [*****.]
Gold:   1047       SH: 25    Dex: 13    Spells: 12/12 levels left

rFire   + + .      SeeInvis +     - Unarmed
rCold   . . .      Faith    .   f - +9 tower shield of Panentheism {rElec rF+ SInv Stlth-}
rNeg    . . .      Spirit   .   V - +2 troll leather armour
rPois   +          Reflect  .   m - +2 hat
rElec   +          Harm     .   T - +0 cloak
rCorr   .          Rampage  .   (gloves unavailable)
Will    .....                   (boots unavailable)
Stlth   ..........              d - amulet "Ykext" {rF+ Regen+ Dex+4}
HPRegen 2.72/turn               S - +6 ring of strength
MPRegen 0.13/turn               n - ring of poison resistance

@: no status effects
A: large, unfitting armour, claws 3, regeneration 1, shaggy fur 1, tough skin 1,
no stealth, hated by all, inability to train armour, missing an eye
a: Renounce Religion, Draw Out Power, Power Leap, Apocalypse


You were on level 3 of the Lair of Beasts.
You worshipped Ru.
Ru was extremely pleased with you.
You visited 4 branches of the dungeon, and saw 16 of its levels.
You also visited: Ossuary and Volcano.

You collected 1071 gold pieces.
You spent 24 gold pieces at shops.


Innate Abilities, Weirdness & Mutations

You are too large for most types of armour.
You have claws for hands.
Your natural rate of healing is unusually fast.
You are covered in fur. (AC +1)
You have tough skin. (AC +1)
You cannot be stealthy.
You are hated by all.
You cannot train Armour skill.
You are missing an eye, making it more difficult to aim.


   Skills:
 + Level 9.9 Fighting
 + Level 10.4 Throwing
 - Level 2.4 Dodging
 + Level 10.8 Shields
 + Level 11.8 Unarmed Combat


You had 12 spell levels left.
You didn't know any spells.
Your spell library contained the following spells:

 Spells                   Type           Power      Damage    Failure   Level
 Apportation              Tloc           0%         N/A       94%         1
 Freeze                   Ice            0%         1d3       94%         1
 Magic Dart               Conj           0%         1d3       94%         1
 Necrotize                Necr           0%         1d4       94%         1
 Blink                    Tloc           0%         N/A       98%         2
 Ensorcelled Hibernation  Hex/Ice        0%         N/A       98%         2
 Searing Ray              Conj           0%         2d4       98%         2
 Ignite Poison            Fire/Tmut/Pois 0%         N/A       100%        3
 Mephitic Cloud           Conj/Pois/Air  0%         N/A       100%        3
 Portal Projectile        Hex/Tloc       0%         N/A       100%        3
 Spider Form              Tmut/Pois      0%         N/A       100%        3
 Vampiric Draining        Necr           0%         2d6       100%        3
 Anguish                  Hex/Necr       0%         N/A       100%        4
 Fulminant Prism          Conj/Hex       0%         3d6       100%        4
 Leda's Liquefaction      Hex/Erth       0%         N/A       100%        4
 Agony                    Necr           0%         N/A       100%        5
 Alistair's Intoxication  Tmut/Pois      0%         N/A       100%        5
 Blade Hands              Tmut           0%         N/A       100%        5
 Freezing Cloud           Conj/Ice/Air   0%         6-21      100%        5
 Manifold Assault         Tloc           0%         N/A       100%        5
 Iron Shot                Conj/Erth      0%         9d1       100%        6
 Storm Form               Tmut/Air       0%         N/A       100%        7
 Call Canine Familiar     Summ           Unusable   N/A       N/A         3
 Animate Armour           Summ/Erth      Unusable   N/A       N/A         4
 Animate Dead             Necr           Unusable   N/A       N/A         4
 Haunt                    Necr/Summ      Unusable   N/A       N/A         7
 Infestation              Necr           Unusable   N/A       N/A         8

Inventory:

Missiles
 j - 3 boomerangs (quivered) {throwing}
 o - 35 poisoned darts {throwing}
 K - 4 curare-tipped darts {=fthrowing}
 M - 5 silver javelins {throwing}
Armour
 f - the +9 tower shield of Panentheism (worn) {rElec rF+ SInv Stlth-}
   (You acquired it on level 3 of the Dungeon)

   rF:        It protects you from fire.
   rElec:     It insulates you from electricity.
   SInv:      It lets you see invisible.
   Stlth:     It makes you less stealthy.
 m - a +2 hat (worn)
   (You found it on level 2 of the Dungeon)
 F - +0 fire dragon scales
   (You found it on level 6 of the Dungeon)
 G - +0 ice dragon scales
   (You found it on level 3 of the Lair of Beasts)
 T - a +0 cloak (worn)
   (You found it on level 8 of the Dungeon)
 V - a +2 troll leather armour (worn)
   (You found it on level 10 of the Dungeon)
Jewellery
 d - the amulet "Ykext" (around neck) {rF+ Regen+ Dex+4}
   (You acquired it on level 3 of the Dungeon)

   [amulet of regeneration]

   Dex:       It affects your dexterity (+4).
   rF:        It protects you from fire.
   Regen:     It increases your rate of health regeneration.
 n - a ring of poison resistance (right claw)
   (You found it on level 2 of the Dungeon)
 r - a ring of protection from cold
   (You found it on level 3 of the Dungeon)
 w - the amulet of Basch {Acrobat *Slow +Blink rN+ Int+7}
   (You found it on level 5 of the Dungeon)

   [amulet of the acrobat]

   It increases your evasion while moving and waiting.
   Int:       It affects your intelligence (+7).
   rN:        It protects you from negative energy.
   +Blink:    It lets you blink.
   *Slow:     It may slow you when you take damage.
 S - a +6 ring of strength (left claw)
   (You found it on level 8 of the Dungeon)
 W - the ring "Retaobof" {rC- Will++ EV+4}
   (You found it on level 3 of the Lair of Beasts)

   [ring of evasion]

   EV:        It affects your evasion (+4).
   rC:        It makes you vulnerable to cold.
   Will:      It greatly increases your willpower.
Wands
 t - a wand of iceblast (12)
   (You found it on level 7 of the Dungeon)
 u - a wand of paralysis (12)
   (You found it on level 4 of the Dungeon)
 x - a wand of flame (34)
   (You found it on level 5 of the Dungeon)
 P - a wand of polymorph (4)
   (You found it on level 11 of the Dungeon)
 Y - a wand of digging (7)
   (You found it on level 11 of the Dungeon)
Scrolls
 b - 4 scrolls of identify {@r1}
 g - a scroll of amnesia
 h - a scroll of enchant armour
 l - 2 scrolls of fear
 v - 6 scrolls of teleportation {@r4}
 A - 2 scrolls of fog
 E - 2 scrolls of poison
 H - a scroll of summoning {unknown}
 I - 2 scrolls of magic mapping {!r}
 N - 2 scrolls of immolation {unknown}
 Q - 3 scrolls of blinking {!r}
 Z - a scroll of vulnerability {unknown}
Potions
 a - a potion of brilliance {unknown}
 c - 2 potions of might
 e - a potion of degeneration {unknown}
 i - 6 potions of haste {@q3}
 p - 4 potions of magic {unknown}
 q - 2 potions of mutation {unknown}
 s - 2 potions of flight {unknown}
 z - 3 potions of heal wounds {@q2}
 B - 3 potions of cancellation
 C - a potion of experience {unknown}
 D - 3 potions of attraction {unknown}
 J - a potion of ambrosia {unknown}
 L - 7 potions of curing {@q1}
 R - 4 potions of lignification {unknown}
 U - a potion of invisibility {unknown}
 X - 4 potions of resistance {unknown}

Dungeon Overview and Level Annotations

Branches:
Dungeon (11/15) Zot: 26009  Temple (1/1) D:5 Zot: 5552    Lair (3/6) D:9 Zot: 15393
  Swamp (0/4) Lair:3          Orc (1/2) D:11 Zot: 5903 Ossuary (visited)
Volcano (visited)
  Snake: Lair:2-4    Spider: Lair:2-4

Altars:
Ashenzari
Cheibriados
Dithmenos
Elyvilon
Gozag
Kikubaaqudgha
Makhleb
Nemelex Xobeh
Okawaru
Qazlal
Ru
Sif Muna
Trog
Uskayaw
Vehumet
Wu Jian
Xom
Zin
The Shining One

Shops:
D:2 *   D:11 [

Annotations:
Lair:2 3 runed translucent doors, Mistam's ghost, journeyman TeCj

................,,**≈≈≈♣♣.....#..
..................♣≈≈≈≈≈♣.......>
...................≈≈>≈≈♣........
..................♣*≈≈≈*♣.....##P
..................♣♣*≈*♣♣........
...................♣♣♣♣♣.♣#+†...#
......................>..........
...............ww........#.......
...............†@Y...............
...............†wY........P....##
.................................
................$.........#####..
..........................# *##
..........................##
..........................P#
..........................##
...........................#***


You could see 2 yaks and 3 swamp worms.


Message History

You mangle the yak!!
The swamp worm bites you but does no damage. x2
You block the swamp worm's attack. You block the yak's attack.
You barely miss the yak. You block the swamp worm's attack. x2
The yak gores you. The yak gores you! You block the yak's attack.
The yak gores you but does no damage.
You claw the yak!
You kill the yak!
The swamp worm bites you but does no damage.
You block the swamp worm's attack. You block the yak's attack.
The yak gores you! The yak closely misses you.
You mangle the yak!!
You kill the yak!
You block the swamp worm's attack. x2
The swamp worm bites you but does no damage.
The yak gores you. The yak gores you! x2
You barely miss the yak. The swamp worm completely misses you.
You block the swamp worm's attack.
You claw the yak! The swamp worm closely misses you.
You block the yak's attack. x3; The swamp worm bites you!
A swamp worm comes into view.
HP[-46]
You take 46 damage, and now have 87/133 hp.
MASSIVE DAMAGE!! (PAUSE)
You closely miss the yak. You block the swamp worm's attack.
You block the yak's attack. The yak barely misses you. x2
You block the swamp worm's attack.
You redirect the swamp worm's attack!
The swamp worm bites the yak!
HP[+3]
You regained 3 hp, and now have 90/133 hp.
You scratch the yak. The yak gores you! You block the yak's attack. x2
The swamp worm bites you! You block the swamp worm's attack.
HP[-23]
You take 23 damage, and now have 67/133 hp.
You eviscerate the yak!!!
You kill the yak!
The swamp worm is stunned by your conviction and fails to attack.
You block the yak's attack. x2; You block the swamp worm's attack.
HP[+3]
You regained 3 hp, and now have 70/133 hp.
You closely miss the yak.
The swamp worm is stunned by your conviction and fails to attack.
The yak barely misses you. You block the yak's attack.
The swamp worm misses you.
HP[+2]
You regained 2 hp, and now have 72/133 hp.
You scratch the yak. The swamp worm barely misses you.
You block the swamp worm's attack. The yak gores you.
You block the yak's attack.
HP[-2]
You take 2 damage, and now have 70/133 hp.
You closely miss the yak. The swamp worm bites you!
* * * LOW HITPOINT WARNING * * *
You block the swamp worm's attack. You block the yak's attack.
The yak gores you.
* * * LOW HITPOINT WARNING * * *
The swamp worm bites you but does no damage.
You block the swamp worm's attack.
You redirect the swamp worm's attack!
The swamp worm bites the swamp worm!
You are too injured to fight recklessly!
You are too injured to fight recklessly!
You are too injured to fight recklessly!
HP[-14]
You take 14 damage, and now have 56/133 hp.
You are too injured to fight recklessly!
You are too injured to fight recklessly!
You are too injured to fight recklessly!
You are too injured to fight recklessly!
You are too injured to fight recklessly!
You are too injured to fight recklessly!
You are too injured to fight recklessly!
You are too injured to fight recklessly!
You are too injured to fight recklessly!
You are too injured to fight recklessly!
You are too injured to fight recklessly!
You are too injured to fight recklessly!
You miss the swamp worm. The yak gores you but does no damage.
The yak gores you!
* * * LOW HITPOINT WARNING * * *
You block the swamp worm's attack. x3; The yak gores you.
* * * LOW HITPOINT WARNING * * *
The yak is stunned by your conviction and fails to attack.
HP[-15]
You take 15 damage, and now have 41/133 hp.
You miss the swamp worm. You block the swamp worm's attack. x3
The yak gores you!
* * * LOW HITPOINT WARNING * * *
The yak gores you but does no damage.
HP[-5]
You take 5 damage, and now have 36/133 hp.
You claw the swamp worm! You block the swamp worm's attack.
The swamp worm bites you.
* * * LOW HITPOINT WARNING * * *
The swamp worm bites you!!
* * * LOW HITPOINT WARNING * * *
The yak closely misses you. You block the yak's attack.
The swamp worm bites you!!
You die...

Skill      XL: |  1  2  3  4  5  6  7  8  9 10 11 12 |
---------------+-------------------------------------+-----
Unarmed Combat | 3 4 5 6 7 9 10 11 | 11.8
Shields        | 3 4 5 7 8 9 10 | 10.8
Throwing       | 1 2 3 5 6 7 9 10 | 10.4
Fighting       | 3 4 5 6 7 8 9 |  9.9
Dodging        | |  2.4

Action                   |  1- 3 |  4- 6 |  7- 9 | 10-12 | 13-15 || total
-------------------------+-------+-------+-------+-------+-------++-------
Melee: Unarmed           |    73 |   170 |   365 |   714 |    62 ||  1384
Throw: Boomerang         |       |       |       |     7 |       ||     7
       Dart              |       |       |       |     5 |       ||     5
Invok: Sacrifice Love    |       |       |     1 |       |       ||     1
       Sacrifice Durabil |       |       |       |     1 |       ||     1
       Draw Out Power    |       |       |       |     2 |       ||     2
       Sacrifice Stealth |       |       |       |     1 |       ||     1
       Apocalypse        |       |       |       |     1 |       ||     1
       Sacrifice an Eye  |       |       |       |     1 |       ||     1
  Use: Scroll            |       |    10 |     8 |     4 |       ||    22
       Potion            |       |     1 |       |     5 |       ||     6
 Stab: Sleeping          |     2 |       |       |       |       ||     2
       Invisible         |       |       |       |     3 |       ||     3
       Distracted        |       |       |       |     2 |       ||     2
       Petrified         |       |       |       |     7 |       ||     7
       Petrifying        |       |       |       |     3 |       ||     3
Armor: Robe              |    22 |    87 |    94 |    28 |       ||   231
       Troll leather arm |       |       |       |   132 |    14 ||   146
       Fire dragon scale |       |       |       |    24 |       ||    24
Dodge: Dodged            |    25 |    74 |   114 |   135 |    19 ||   367
Block: Kite shield       |    26 |    40 |       |       |       ||    66
       Tower shield      |       |   143 |   570 |   934 |    92 ||  1739

Levels and vault maps discovered:
D:1:      roderic_dead_forest, layout_basic, serial_forest,
          infiniplex_forest_lined_3, infiniplex_forest_clump_diagonal,
          infiniplex_forest_lined_3_way, infiniplex_forest_3_way,
          infiniplex_forest_clump_curved, infiniplex_forest_straight_4,
          infiniplex_forest_straight_2, infiniplex_forest_lined_2,
          infiniplex_forest_straight_2, infiniplex_forest_lined_2,
          chequers_serial_rivers_micro_e, st_stairs_9, bh_walls_and_bars
D:2:      layout_basic, serial_shops, nicolae_shop_trees, minivault_26,
          uniq_robin
D:3:      layout_basic, mainiacjoe_overflow_tiny_flanked,
          nicolae_qazlal_scattered_showers, shapermc_ecumenical_altar_rom_forum
D:4:      layout_cave_pools, nicolae_overflow_crystal_walls, old_standard_altar
D:5:      layout_cave_pools, xom_confusion_cloud, temple_hall,
          chequers_ossuary_entry_cave, nicolae_fountain_basement
D:6:      layout_basic, lemuel_zombie_altar_kikubaaqudgha
D:7:      layout_cave_pools, worldfamousw_hep_ancestral_shrine, vehumet_crystals
D:8:      layout_cave_pools, nicolae_gozag_seed_capital, uniq_psyche,
          uniq_maggie
D:9:      layout_gridville, ashenzari_conservatory_becter, david_lair_generic,
          nicolae_elevator_lobby_plus
D:10:     layout_irregular_city
D:11:     layout_irregular_city, hiddenorc2_lemuel, hellmonk_bongcloud_opening,
          nicolae_stop_n_shop_2
Temple:   minmay_temple_forest_path
Lair:1:   layout_gridlike
Lair:2:   nzn_winding_woodlands_medium [nzn_winding_woodlands_5x5_open_star,
          nzn_winding_woodlands_5x15_split_checker,
          nzn_winding_woodlands_hourglass, nzn_winding_woodlands_5x5_three,
          nzn_winding_woodlands_center_garden,
          nzn_winding_woodlands_5x5_closed_star,
          nzn_winding_woodlands_5x5_perimeter, nzn_winding_woodlands_5x15_pool,
          nzn_winding_woodlands_5x5_default], layout_cave_shapes,
          gammafunk_ghost_ooze, worms_lemuel
Lair:3:   layout_chaotic_city, minmay_swamp_entry_worms,
          nicolae_volcano_entry_hallway
Orc:1:    layout_caves, minmay_orc_treasury, uniq_nergalle

Notes
Turn   | Place    | Note
-------+----------+-------------------------------------------
     0 | D:1      | zeratav the Troll Fighter began the quest for the Orb.
     0 | D:1      | Reached XP level 1. HP: 22/22 MP: 0/0
     0 | D:1      | magus.rc [v1.9.6]
   105 | D:1      | HP: 4/22 [frozen (2)]
   170 | D:1      | Reached XP level 2. HP: 29/29 MP: 1/1
   219 | D:1      | Reached skill level 3 in Unarmed Combat
   502 | D:1      | You pick up a book of Death and begin reading...
   502 | D:1      | You add the spells Animate Dead, Haunt and Infestation to
                  | your library.
  1046 | D:2      | Reached XP level 3. HP: 24/36 MP: 2/2
  1147 | D:2      | Reached skill level 3 in Shields
  1165 | D:2      | Reached skill level 1 in Throwing
  1222 | D:2      | Reached XP level 4. HP: 44/44 MP: 3/3
  1242 | D:2      | Identified the +2 helmet of Feasting {*Slow Will+ Regen+}
  1242 | D:2      | Noticed Robin
  1273 | D:2      | Killed Robin
  1495 | D:2      | Found Huolaic's General Store.
  1504 | D:2      | Bought a scroll of identify for 24 gold pieces
  1837 | D:3      | Reached skill level 3 in Fighting
  1882 | D:3      | Found a sparkling altar of Nemelex Xobeh.
  1959 | D:3      | Reached XP level 5. HP: 53/53 MP: 4/4
  1961 | D:3      | Identified 2 scrolls of acquirement
  1969 | D:3      | Acquired the amulet "Ykext" {rF+ Regen+ Dex+4}
  1976 | D:3      | Acquired the +9 tower shield of Panentheism {rElec rF+ SInv
                  | Stlth-}
  2035 | D:3      | Found a faded altar of an unknown god.
  2043 | D:3      | Got Plato's Disquisition on Cold
  2233 | D:3      | Found a stormy altar of Qazlal.
  2237 | D:3      | You pick up a book of Conjurations {@e2} and begin
                  | reading...
  2237 | D:3      | You add the spells Magic Dart, Searing Ray and Fulminant
                  | Prism to your library.
  2240 | D:3      | You add the spells Ignite Poison, Mephitic Cloud and
                  | Freezing Cloud to your library.
  2454 | D:4      | Noticed a black bear
  2463 | D:4      | Killed a black bear
  2464 | D:4      | Reached skill level 2 in Throwing
  2464 | D:4      | Reached skill level 4 in Unarmed Combat
  2591 | D:4      | Found a glowing golden altar of the Shining One.
  2596 | D:4      | Reached XP level 6. HP: 61/61 MP: 5/5
  2687 | D:4      | Found a shadowy altar of Dithmenos.
  2835 | D:5      | Entered Level 5 of the Dungeon
  2854 | D:5      | Identified the amulet of Basch {Acrobat *Slow +Blink rN+
                  | Int+7}
  2969 | D:5      | Found a sand-covered staircase.
  2977 | Ossuary  | Entered an ossuary
  2989 | Ossuary  | HP: 6/61 [mummy (12)]
  3009 | Ossuary  | Reached skill level 4 in Shields
  3019 | Ossuary  | HP: 6/62 [mummy (14)]
  3030 | Ossuary  | Reached XP level 7. HP: 27/68 MP: 6/6
  3033 | Ossuary  | Reached skill level 3 in Throwing
  3226 | D:5      | Found a shimmering altar of Xom.
  3237 | D:5      | Reached skill level 4 in Fighting
  3244 | D:5      | Reached skill level 5 in Unarmed Combat
  3288 | D:5      | Reached XP level 8. HP: 32/79 MP: 7/7
  3349 | D:5      | Reached skill level 4 in Throwing
  3349 | D:5      | Reached skill level 5 in Shields
  3565 | D:5      | Found a staircase to the Ecumenical Temple.
  3574 | Temple   | Entered the Ecumenical Temple
  3963 | Temple   | Became a worshipper of Ru the Awakened
  4304 | D:6      | Reached skill level 6 in Unarmed Combat
  4398 | D:6      | Reached skill level 5 in Fighting
  4445 | D:6      | Identified the +6 sling of the Throat {venom, rPois rN+
                  | Str+2}
  4654 | D:6      | You pick up a book of Necromancy and begin reading...
  4654 | D:6      | You add the spells Necrotize, Vampiric Draining and Agony
                  | to your library.
  4724 | D:6      | Found an ancient bone altar of Kikubaaqudgha.
  5032 | D:7      | Reached skill level 5 in Throwing
  5039 | D:7      | Reached XP level 9. HP: 68/88 MP: 8/8
  5079 | D:7      | Reached skill level 6 in Shields
  5139 | D:7      | Found a radiant altar of Vehumet.
  5161 | D:7      | Reached skill level 7 in Unarmed Combat
  5175 | D:7      | Gained mutation: You are hated by all. [Ru sacrifice]
  5175 | D:7      | Reached * piety under Ru
  5175 | D:7      | Reached ** piety under Ru
  5347 | D:7      | Reached skill level 6 in Fighting
  5541 | D:7      | O - a +0 quick blade {shortrare=g}
  5651 | D:8      | HP: 22/89 [killer bee (2)]
  5700 | D:8      | Reached skill level 6 in Throwing
  5802 | D:8      | HP: 22/89 [shadow imp/nerve-wracking pain (6)]
  5808 | D:8      | Noticed Maggie
  5861 | D:8      | Killed Maggie
  5862 | D:8      | Reached skill level 7 in Shields
  5867 | D:8      | Noticed Psyche
  5897 | D:8      | Killed Psyche
  5898 | D:8      | Reached XP level 10. HP: 63/100 MP: 9/9
  5940 | D:8      | Found an opulent altar of Gozag.
  6122 | D:8      | Reached skill level 8 in Unarmed Combat
  6399 | D:9      | Found a broken altar of Ashenzari.
  6462 | D:9      | You pick up a book of Iron and begin reading...
  6462 | D:9      | You add the spells Blade Hands and Iron Shot to your
                  | library.
  6493 | D:9      | Noticed a cane toad
  6493 | D:9      | a golden eye changed into a cane toad
  6505 | D:9      | a cane toad changed into a culicivora
  6510 | D:9      | HP: 25/100 [culicivora (shapeshifter) (20)]
  6828 | D:9      | Noticed an elephant
  6846 | D:9      | Killed an elephant
  6847 | D:9      | Reached skill level 7 in Fighting
  6847 | D:9      | Reached skill level 7 in Throwing
  6931 | D:9      | Found a staircase to the Lair.
  7190 | D:10     | Entered Level 10 of the Dungeon
  7301 | D:10     | Gained mutation: You cannot train Armour skill. [Ru
                  | sacrifice]
  7301 | D:10     | Reached *** piety under Ru
  7501 | D:10     | Reached skill level 8 in Shields
  7860 | D:11     | Found Cimmipri's Antique Armour Boutique.
  7936 | D:11     | Reached skill level 9 in Unarmed Combat
  8211 | D:11     | Reached XP level 11. HP: 105/109 MP: 10/10
  8250 | D:11     | Found a staircase to the Orcish Mines.
  8462 | D:11     | Noticed a two-headed ogre
  8533 | D:11     | Killed a two-headed ogre
  8621 | D:11     | Reached skill level 8 in Throwing
  8648 | D:11     | Noticed a four-headed hydra
  8654 | D:11     | Killed a four-headed hydra
  8746 | Orc:1    | Entered Level 1 of the Orcish Mines
  8779 | Orc:1    | Noticed an orc sorcerer
  8903 | Lair:1   | Entered Level 1 of the Lair of Beasts
  8915 | Lair:1   | Reached skill level 8 in Fighting
  8925 | Lair:1   | Gained mutation: You cannot be stealthy. [Ru sacrifice]
  9281 | Lair:1   | Reached skill level 9 in Shields
  9600 | Lair:2   | You fall into a shaft and drop 1 floor!
  9606 | Lair:3   | Reached skill level 10 in Unarmed Combat
  9664 | Lair:3   | Noticed a catoblepas
  9688 | Lair:3   | Killed a catoblepas
  9719 | Lair:3   | You pick up a book of the Hunter and begin reading...
  9719 | Lair:3   | You add the spells Portal Projectile and Leda's
                  | Liquefaction to your library.
  9760 | Lair:3   | Found a dark tunnel.
  9777 | Volcano  | Entered a volcano
  9795 | Volcano  | Reached skill level 9 in Throwing
  9808 | Volcano  | Reached XP level 12. HP: 118/122 MP: 11/11
  9842 | Volcano  | Noticed a two-headed ogre
  9851 | Volcano  | Killed a two-headed ogre
 10138 | Lair:3   | Reached skill level 9 in Fighting
 10174 | Lair:3   | You pick up a book of Conjurations {@e2} and begin
                  | reading...
 10197 | Lair:3   | You pick up a book of Dreams and begin reading...
 10197 | Lair:3   | You add the spells Ensorcelled Hibernation, Spider Form and
                  | Anguish to your library.
 10238 | Lair:2   | Reached skill level 10 in Shields
 10306 | Lair:2   | Gained mutation: You are missing an eye, making it more
                  | difficult to aim. [Ru sacrifice]
 10306 | Lair:2   | Reached **** piety under Ru
 10306 | Lair:2   | Reached ***** piety under Ru
 10307 | Lair:2   | Found a runed translucent gate.
 10308 | Lair:2   | Found a runed translucent gate.
 10309 | Lair:2   | Found a runed translucent gate.
 10319 | Lair:2   | Noticed Mistam's ghost (journeyman TeCj)
 10414 | Lair:2   | Reached skill level 11 in Unarmed Combat
 10449 | Lair:2   | HP: 29/118 [wolf (3)]
 10778 | Lair:2   | You add the spells Blink, Manifold Assault and Storm Form
                  | to your library.
 10847 | Lair:2   | Reached skill level 10 in Throwing
 11007 | Lair:2   | Noticed a catoblepas
 11034 | Lair:2   | Killed a catoblepas
 11087 | Lair:2   | Reached XP level 13. HP: 114/133 MP: 12/12
 11363 | Lair:3   | Identified the ring "Retaobof" {rC- Will++ EV+4}
 11533 | Lair:2   | You drop a +0 quick blade {shortrare=g}.
 11615 | Lair:3   | You pick up a book of Party Tricks and begin reading...
 11615 | Lair:3   | You add the spells Apportation and Alistair's Intoxication
                  | to your library.
 11733 | Lair:3   | HP: 14/133 [swamp worm (21)]
 11733 | Lair:3   | Slain by a swamp worm

Vanquished Creatures
  A hydra (D:11)
  2 catoblepae
  2 two-headed ogres
  A lindwurm (Lair:2)
  2 salamanders (Volcano)
  An oklob plant (Lair:2)
  A black mamba (Lair:3)
  An elephant (D:9)
  A gargoyle (D:11)
  10 cane toads
  Maggie (D:8)
  An unseen horror (D:11)
  4 rime drakes
  8 komodo dragons
  Psyche (D:8)
  A polar bear (Lair:3)
  2 trolls
  8 blink frogs
  2 hornets
  A culicivora (shapeshifter) (D:9)
  A vampire (D:10)
  2 wyverns
  2 wraiths (D:11)
  30 yaks
  5 basilisks
  2 fire bats (Volcano)
  2 vampire mosquitoes (D:11)
  2 swamp worms (Lair:2)
  2 hell hounds (Volcano)
  12 water moccasins
  7 orc warriors
  2 sky beasts
  2 ice beasts
  A black bear (D:4)
  10 wolves
  3 ogres
  6 centaurs
  4 kobold brigands
  A gnoll sergeant (D:8)
  A necrophage (D:5)
  12 bullfrogs
  A scorpion (D:5)
  3 wights (D:9)
  23 killer bees
  6 howler monkeys
  6 centaur zombies (Ossuary)
  3 jellies
  6 hounds
  A bouda (D:5)
  6 orc priests
  8 iguanas
  12 orc wizards
  5 mummies (Ossuary)
  Robin (D:2)
  11 adders
  3 gnolls (D:8)
  2 shadow imps
  A white imp (D:7)
  An ufetubus (D:6)
  A worm (D:4)
  2 dart slugs
  56 orcs
  A bat zombie (D:6)
  14 endoplasms
  4 giant cockroaches
  9 goblins
  5 hobgoblins (D:2)
  3 jackals (D:2)
  26 kobolds
  4 quokkas
  8 ball pythons
  5 bats
  2 frilled lizards
  5 hobgoblin zombies (Ossuary)
  4 rats
  A rat zombie (D:6)
409 creatures vanquished.

Vanquished Creatures (others)
  A swamp worm (Lair:2)
  7 fungi
  16 plants
24 creatures vanquished.

Grand Total: 433 creatures vanquished

Table legend:
 A = Non-vault XP
 B = Vault XP
 C = Vault XP percentage of total XP
 D = Non-vault monster count
 E = Vault monster count
 F = Vault count percentage of total count
                 A         B        C        D         E       F
            +---------+---------+-------+---------+---------+-------
      Total |   30746 |   10761 |  25.9 |     301 |     108 |  26.4
            +---------+---------+-------+---------+---------+-------
        D:1 |      26 |       6 |  18.8 |      16 |       3 |  15.8
        D:2 |      94 |      35 |  27.1 |      22 |      11 |  33.3
        D:3 |      59 |       0 |   0.0 |      19 |       0 |   0.0
        D:4 |     169 |       0 |   0.0 |      13 |       0 |   0.0
        D:5 |     427 |     461 |  51.9 |      12 |      10 |  45.5
        D:6 |     922 |       3 |   0.3 |      19 |       2 |   9.5
        D:7 |    1635 |       0 |   0.0 |      33 |       0 |   0.0
        D:8 |    1332 |     743 |  35.8 |      31 |       2 |   6.1
        D:9 |    1496 |    1053 |  41.3 |      26 |       4 |  13.3
       D:10 |    1070 |       0 |   0.0 |      13 |       0 |   0.0
       D:11 |    3612 |     381 |   9.5 |      14 |      32 |  69.6
     Lair:1 |    3481 |       0 |   0.0 |      12 |       0 |   0.0
     Lair:2 |    6907 |    4874 |  41.4 |      29 |      19 |  39.6
     Lair:3 |    9083 |       0 |   0.0 |      40 |       0 |   0.0
      Orc:1 |     433 |       0 |   0.0 |       2 |       0 |   0.0
    Ossuary |       0 |     368 | 100.0 |       0 |      16 | 100.0
    Volcano |       0 |    2837 | 100.0 |       0 |       9 | 100.0
            +---------+---------+-------+---------+---------+-------

Illustrated notes

Table legend:
 A = Kills in this place as a percentage of kills in entire the game.
 B = Kills by you in this place as a percentage of kills by you in the entire game.
 C = Kills by friends in this place as a percentage of kills by friends in the entire game.
 D = Other kills in this place as a percentage of other kills in the entire game.
 E = Experience gained in this place as a percentage of experience gained in the entire game.
 F = Experience gained in this place divided by the number of levels of this place that you have seen.
                   A       B       C       D       E      F
               +-------+-------+-------+-------+-------+----------------------
         Total | 100.0 | 100.0 |   N/A |   N/A | 100.0 | 2305.9
       Dungeon |  68.9 |  68.9 |   N/A |   N/A |  32.6 | 1229.5
          Lair |  24.4 |  24.4 |   N/A |   N/A |  58.7 | 8115.0
  Orcish Mines |   0.5 |   0.5 |   N/A |   N/A |   1.0 | 433.0
       Ossuary |   3.9 |   3.9 |   N/A |   N/A |   0.9 | 368.0
       Volcano |   2.2 |   2.2 |   N/A |   N/A |   6.8 | 2837.0
               +-------+-------+-------+-------+-------+----------------------

Table legend: (Time is in decaauts)
 A = Elapsed time spent in this place.
 B = Non-inter-level travel time spent in this place.
 C = Inter-level travel time spent in this place.
 D = Time resting spent in this place.
 E = Time spent auto-exploring this place.
 F = Levels seen in this place.
 G = Mean time per level.
                   A        B        C        D        E       F      G
               +--------+--------+--------+--------+--------+-----+--------+
         Total |  11861 |  11325 |    536 |    313 |   7588 |  18 |  658.9 |
       Dungeon |   8298 |   7915 |    383 |    130 |   5719 |  11 |  754.4 |
        Temple |    447 |    374 |     73 |      0 |    362 |   1 |  447.0 |
          Lair |   2605 |   2527 |     78 |     87 |   1463 |   3 |  868.3 |
  Orcish Mines |     97 |     97 |      0 |      0 |      0 |   1 |   97.0 |
       Ossuary |    172 |    172 |      0 |     37 |      0 |   1 |  172.0 |
       Volcano |    239 |    239 |      0 |     59 |     43 |   1 |  239.0 |
               +--------+--------+--------+--------+--------+-----+--------+

Top non-repeatable levels by time:
  Lair:2: 1112 daAuts
     D:1: 1083 daAuts
    D:11: 948 daAuts
     D:9: 872 daAuts
     D:6: 769 daAuts
     D:5: 768 daAuts
  Lair:1: 756 daAuts
     D:2: 753 daAuts
     D:8: 740 daAuts
  Lair:3: 736 daAuts
     D:7: 699 daAuts
    D:10: 643 daAuts
     D:3: 559 daAuts
     D:4: 460 daAuts
  Temple: 447 daAuts
